 Dungeon Crawl Stone Soup version 0.28.0-1-gb440e238dd (webtiles) character file.

Game seed: 9884914235102536062

9 spaghetti the Caller (level 2, 0/19 HPs)
             Began as a Demonspawn Summoner on Feb 20, 2022.
             Slain by a gnoll (6 damage)
             ... on level 1 of the Dungeon.
             The game lasted 00:01:08 (553 turns).

spaghetti the Caller (Demonspawn Summoner)           Turns: 553, Time: 00:01:09

Health: 0/19       AC:  2    Str:  8    XL:     2   Next: 6%
Magic:  0/5        EV: 12    Int: 16    God:
Gold:   0          SH:  0    Dex: 13    Spells: 4/5 levels left

rFire   . . .      SeeInvis .   c - +0 long sword
rCold   . . .      Faith    .   (no shield)
rNeg    . . .      Spirit   .   a - +0 robe
rPois   .          Reflect  .   (no helmet)
rElec   .          Harm     .   (no cloak)
rCorr   .          Rampage  .   (no gloves)
Will    .....                   (no boots)
Stlth   ++........              e - amulet of regeneration
HPRegen 0.86/turn               (no ring)
MPRegen 0.09/turn               (no ring)

@: no status effects
A: weakness stinger 1
a: no special abilities


You were on level 1 of the Dungeon.
You visited 1 branch of the dungeon, and saw 1 of its levels.

Inventory:

Hand Weapons
 c - a +0 long sword (weapon)
Armour
 a - a +0 robe (worn)
Jewellery
 e - an amulet of regeneration (around neck)
Scrolls
 b - a scroll of enchant weapon {unknown}
 d - a scroll of identify {unknown}


   Skills:
 + Level 0.7 Long Blades
 + Level 2.3 Dodging
 - Level 1.7 Stealth
 - Level 2.0 Spellcasting
 - Level 4.0 Summonings


You had 4 spell levels left.
You knew the following spells:

 Your Spells              Type           Power      Damage    Failure   Level
a - Summon Small Mammal   Summ           56%        N/A       4%          1

Your spell library contained the following spells:

 Spells                   Type           Power      Damage    Failure   Level
 Call Imp                 Summ           14%        N/A       6%          2
 Call Canine Familiar     Summ           14%        N/A       12%         3
 Summon Guardian Golem    Hex/Summ       8%         N/A       26%         3
 Summon Lightning Spire   Summ/Air       8%         N/A       65%         4


Dungeon Overview and Level Annotations

Branches:
Dungeon (1/15)

Altars:


Innate Abilities, Weirdness & Mutations

You have a small tail.


Message History

The frilled lizard closely misses your rat.
Your rat closely misses the frilled lizard.
The frilled lizard bites your rat but does no damage.
Your rat misses the frilled lizard.
The gnoll hits your rat with a +0 spear.
Your rat dies!
Your rat's corpse disappears in a puff of smoke!
Casting: Summon Small Mammal (safe; 4% risk of failure)
Press: ? - help, Q - select action Dir - look around, f - activate
Casting: Summon Small Mammal (safe; 4% risk of failure)
Press: ? - help, Q - select action Dir - look around, f - activate The hobgoblin hits your rat.
Your rat dies!
Your rat's corpse disappears in a puff of smoke!
The frilled lizard bites you.
You slash the frilled lizard!
You kill the frilled lizard!
The gnoll hits you but does no damage. The gnoll misses you.
The hobgoblin closely misses you.
Your bat hits the gnoll but does no damage.
The gnoll barely misses you.
You don't have enough magic to cast this spell.
Unknown command.
You barely miss the gnoll.
Your tail-slap misses the gnoll.
Your bat barely misses the gnoll.
The hobgoblin closely misses you.
Your bat hits the gnoll but does no damage.
The gnoll hits you with a +0 spear! The hobgoblin barely misses you.
Unknown command.
You aren't carrying any potions.
You hit the gnoll.
The gnoll is lightly wounded.
Your bat hits the gnoll but does no damage.
The gnoll hits you with a +0 spear. The hobgoblin barely misses you.
The gnoll hits you with a +0 spear.
* * * LOW HITPOINT WARNING * * *
You barely miss the gnoll.
The gnoll is lightly wounded.
Your bat hits the gnoll.
Your bat closely misses the hobgoblin.
The hobgoblin closely misses you. The gnoll hits you with a +0 spear.
You die...

#.##. #.##. #.##.
###### #.##.
###########....# #.##.
#.........)..#.# #.##.
#.############.###.##.
#.#...................
#.#.#@g.b.............
#.#.##g............###
#.#.##..############
#.#.#...# #.......#
###.#...# #.##.##
###.##.# #...##.#


You could see a gnoll (ally target), a hobgoblin and a friendly bat (summoned).

Vanquished Creatures
  An endoplasm (D:1)
  A goblin (D:1)
  A ball python (D:1)
  A frilled lizard (D:1)
  A kobold (D:1)
5 creatures vanquished.

Vanquished Creatures (collateral kills)
  A ball python (D:1)
  A bat (D:1)
  A hobgoblin (D:1)
  A kobold (D:1)
4 creatures vanquished.

Grand Total: 9 creatures vanquished

Notes
Turn   | Place    | Note
-------+----------+-------------------------------------------
     0 | D:1      | spaghetti the Demonspawn Summoner began the quest for the
                  | Orb.
     0 | D:1      | Reached XP level 1. HP: 13/13 MP: 3/3
   528 | D:1      | Gained mutation: You have a small tail. [demonic ancestry]
   528 | D:1      | Reached XP level 2. HP: 12/19 MP: 3/5
   553 | D:1      | Slain by a gnoll

Illustrated notes

Levels and vault maps discovered:
D:1:      saegor_arrival_simple_d, layout_basic,
          dreamdust_ecumenical_altar_drowned_temple, st_stairs_2

Skill      XL: |  1 |
---------------+----+-----
Dodging        | 2 |  2.3
Long Blades    | |  0.7
Stealth        | |  1.7
Spellcasting   | |  2.0
Summonings     | |  4.0

Action                   || total
-------------------------++-------
Melee: Long sword        ||    21
       Unarmed           ||     7
 Cast: Summon Small Mamm ||    13
 Stab: Sleeping          ||     1
Armor: Robe              ||    10
Dodge: Dodged            ||    31
